 Dungeon Crawl Stone Soup version 0.27-a0-1187-ge80a49f48c (webtiles) character file.

Game seed: 7814405547315902703

20 Conn the Ducker (level 2, -1/18 HPs)
             Began as a Deep Elf Monk on May 20, 2021.
             Slain by a gnoll
             ... wielding a +0 spear
              (5 damage)
             ... on level 2 of the Dungeon.
             The game lasted 00:04:10 (1614 turns).

Conn the Ducker (Deep Elf Monk)                     Turns: 1614, Time: 00:04:11

Health: -1/18      AC:  2    Str: 14    XL:     2   Next: 58%
Magic:  4/4        EV: 14    Int: 14    God:
Gold:   62         SH:  0    Dex: 17    Spells: 1/1 levels left

rFire    . . .     SeeInvis .   a - +0 short sword
rCold    . . .     Faith    .   (no shield)
rNeg     . . .     Spirit   .   b - +0 robe
rPois    .         Reflect  .   (no helmet)
rElec    .         Harm     .   (no cloak)
rCorr    .         Rampage  .   (no gloves)
Will     .....                  (no boots)
Stlth    ++........             (no amulet)
HPRegen  0.06/turn              d - +6 ring of strength
MPRegen  0.09/turn              (no ring)

@: attractive
A: no striking features
a: no special abilities


You were on level 2 of the Dungeon.
You visited 1 branch of the dungeon, and saw 2 of its levels.

You collected 62 gold pieces.

Inventory:

Hand Weapons
 a - a +0 short sword (weapon)
Armour
 b - a +0 robe (worn)
Jewellery
 d - a +6 ring of strength (left hand)


   Skills:
 + Level 2.7 Fighting
 + Level 3.3 Short Blades
 + Level 3.9 Dodging
 + Level 2.5 Stealth


You had one spell level left.
You didn't know any spells.
Your spell library contained the following spells:

 Spells                   Type           Power      Damage    Failure   Level
 Confusing Touch          Hex            0%         N/A       65%         3
 Gell's Gravitas          Tloc           0%         N/A       65%         3
 Petrify                  Tmut/Erth      0%         N/A       96%         4
 Metabolic Englaciation   Hex/Ice        0%         N/A       100%        5
 Yara's Violent Unravell  Hex/Tmut       0%         3d3       100%        5


Dungeon Overview and Level Annotations

Branches:
Dungeon (2/15)

Altars:


Message History

You feel yourself slow down.
You start resting.
HP restored.
There is a stone staircase leading down here.
You climb downwards.
A gnoll comes into view. It is wielding a +0 spear.
The gnoll shouts!
You hear a shout! x2
An endoplasm comes into view.
A gnoll comes into view. It is wielding a +0 spear. x2
The gnoll moves out of view.
There is a stone staircase leading up here.
Okay, then.
You don't know any spells.
You don't know any spells.
Sorry, you're not good enough to have a special ability.
Unknown command.
Unknown command.
It was a potion of attraction.
You feel attractive to monsters.
The endoplasm quivers.
The gnoll is pulled toward you! The endoplasm is pulled toward you!
The gnoll is pulled toward you!
You hit the gnoll.
The gnoll is lightly wounded.
The gnoll hits you with a +0 spear!
Ouch! That really hurt!
The gnoll is pulled toward you!
The gnoll hits you from afar with a +0 spear.
* * * LOW HITPOINT WARNING * * *
The gnoll is pulled toward you! x2; The endoplasm is pulled toward you!
The gnoll is pulled toward you! The gnoll misses you.
The gnoll is pulled toward you! x2
The gnoll is pulled toward you! The worm is pulled toward you!
The gnoll is pulled toward you! x2; The worm is pulled toward you!
A ball python comes into view.
The ball python hisses angrily.
The gnoll closely misses you. The gnoll is pulled toward you!
The ball python is pulled toward you!
The gnoll hits you from afar with a +0 spear.
You die...

#...(.>....#..#....# ..
###.S#.######.# #..# ##...
..####<##S######.###..##......
.......##.............<...#
..###....g.#####..#g...####
##..##.#######.#g#.##
#............w.....#
#.............Jg...#
#.........)..@.S...#
#........?#..........#
#....................#
#.........#..........#
....###...#######...... ....
#...# ....## .. #...# .....
#.... ..


You could see a worm, 3 gnolls, an endoplasm and a ball python.

Vanquished Creatures
  A worm (D:2)
  2 endoplasms
  A giant cockroach (D:1)
  2 goblins (D:1)
  4 hobgoblins
  A ball python (D:1)
  A bat (D:2)
  2 frilled lizards (D:1)
  A kobold (D:2)
  A rat (D:2)
16 creatures vanquished.

Notes
Turn   | Place    | Note
-------+----------+-------------------------------------------
     0 | D:1      | Conn the Deep Elf Monk began the quest for the Orb.
     0 | D:1      | Reached XP level 1. HP: 13/13 MP: 3/3
   256 | D:1      | Found a faded altar of an unknown god.
   379 | D:1      | Reached XP level 2. HP: 8/18 MP: 4/4
  1614 | D:2      | Slain by a gnoll

Illustrated notes

Levels and vault maps discovered:
D:1:      dpeg_arrival_boxorama, layout_rooms, chequers_ecumenical_altar_simple,
          minmay_misc_feat_nine_boxes
D:2:      layout_rooms, basic_altar, serial_shops, shop_fountains,
          uniq_crazy_yiuf_cottage, uniq_sigmund

Action                   || total
-------------------------++-------
Melee: Short sword       ||    77
  Use: Potion            ||     3
 Stab: Sleeping          ||     2
Armor: Robe              ||    13
Dodge: Dodged            ||    45

Table legend: (Time is in decaauts)
 A = Elapsed time spent in this place.
 B = Non-inter-level travel time spent in this place.
 C = Inter-level travel time spent in this place.
 D = Time resting spent in this place.
 E = Time spent auto-exploring this place.
 F = Levels seen in this place.
 G = Mean time per level.
                   A        B        C        D        E       F      G
               +--------+--------+--------+--------+--------+-----+--------+
         Total |   1591 |   1591 |      0 |    489 |    795 |   2 |  795.5 |
       Dungeon |   1591 |   1591 |      0 |    489 |    795 |   2 |  795.5 |
               +--------+--------+--------+--------+--------+-----+--------+

Top non-repeatable levels by time:
     D:1: 1485 daAuts
     D:2: 105 daAuts
